 Dungeon Crawl Stone Soup version 0.23.2-1-ga50397a6bc (webtiles) character file.

Game seed: 1397119653415248598

257 Revguard the Shield-Bearer (level 6, -13/38 HPs)
             Began as a Gargoyle Fighter on Apr 30, 2019.
             Was an Initiate of Makhleb.
             Mangled by a small abomination (16 damage)
             ... on level 1 of the Abyss.
             The game lasted 00:09:05 (3235 turns).

Revguard the Shield-Bearer (Gargoyle Fighter)       Turns: 3235, Time: 00:09:05

Health: -13/38     AC:  7    Str: 25    XL:     6   Next: 16%
Magic:  0/6        EV:  8    Int:  8    God:    Makhleb [......]
Gold:   260        SH: 10    Dex: 11    Spells: 5/5 levels left

rFire    . . .     SeeInvis .   a - +1 flail
rCold    + . .     Gourm    .   c - +0 shield
rNeg     + . .     Faith    .   b - +0 scale mail
rPois    ∞         Spirit   +   k - +0 helmet
rElec    +         Reflect  .   o - scarf {Spirit}
rCorr    .         Harm     .   (no gloves)
MR       .....                  (no boots)
Stlth    ..........             (no amulet)
HPRegen  0.12/turn              j - ring of protection from cold
MPRegen  0.10/turn              p - -5 ring of protection (curse)

@: mighty
A: negative energy resistance 1, electricity resistance, unbreathing,
petrification resistance, rot immunity, AC +4
a: Renounce Religion


You were on level 1 of the Abyss.
You worshipped Makhleb.
Makhleb was noncommittal.
You were hungry.

You visited 1 branch of the dungeon, and saw 4 of its levels.
You visited the Abyss 1 time.

You collected 260 gold pieces.

Inventory:

Hand Weapons
 a - a +1 flail (weapon)
Armour
 b - a +0 scale mail (worn)
 c - a +0 shield (worn)
 g - a +0 cloak
 k - a +0 helmet (worn)
 o - a scarf of spirit shield (worn)
Jewellery
 j - a ring of protection from cold (left hand)
 n - an uncursed ring of stealth
 p - a cursed -5 ring of protection (right hand)
Scrolls
 h - 2 scrolls of enchant weapon
 l - a scroll of identify
 q - a scroll of amnesia
Potions
 d - a potion of might
 e - 4 potions of curing
 i - 2 potions of flight
Comestibles
 f - 9 rations


   Skills:
 + Level 4.1 Fighting
 + Level 4.1 Maces & Flails
 + Level 4.0 Armour
 + Level 1.0 Dodging
 + Level 4.5 Shields
 * Level 0.7 Invocations


You had 5 spell levels left.
You didn't know any spells.
Your spell library was empty.

Dungeon Overview and Level Annotations

Branches:
Dungeon (4/15)
 Temple: D:4-7

Altars:
Dithmenos
Elyvilon
Fedhas
Kikubaaqudgha
Makhleb
Sif Muna
Uskayaw
Wu Jian
Yredelemnul

Shops:
D:4 =

Annotations:
D:4 1 transporter, Sondor's ghost, novice DDEE


Innate Abilities, Weirdness & Mutations

You are resistant to torment.
Your stone body is resilient. (AC +4)
You are immune to poison.
You resist negative energy. (rN+)
You are resistant to electric shocks. (rElec)
You can survive without breathing.
You are immune to petrification.
You are immune to rotting.


Message History

You block the small abomination's attack.
You feel much better. The small abomination hits you.
You closely miss the small abomination.
You block the small abomination's attack. x2
You closely miss the small abomination.
You block the small abomination's attack.
You sock the small abomination!
The small abomination is moderately damaged.
The small abomination hits you! The small abomination hits you.
You hit the small abomination.
The small abomination is heavily damaged.
The small abomination hits you!
* * * LOW HITPOINT WARNING * * *
The small abomination hits you.
* * * LOW HITPOINT WARNING * * *
A ynoxinul comes into view.
The ynoxinul bellows!
The small abomination hits you but does no damage.
The small abomination hits you!
You die...

.. .....#... #
#####.#8.≈... #..
........ # .'
...≈≈#. #. .##...#
### .#. #8..≈###.#
........#...≈##..#
# ##
.#..........x.#.#
.#.....#..#..@..#
#. .#
####....#.### . .
#....3..##.# #..
..(#..####.# # ...
...# #'.
.###.##.## ... #.
..# ... ..##.#
..#. . #.#


You could see a ynoxinul and a small abomination.

Vanquished Creatures
  Jessica (D:2)
  2 worker ants
  Robin (D:3)
  2 gnolls (D:1)
  4 adders (D:3)
  3 oozes
  3 worms
  2 leopard geckos
  4 orcs (D:3)
  2 ball pythons
  8 bats
  6 giant cockroaches
  15 goblins
  12 hobgoblins
  A jackal (D:1)
  2 quokkas (D:2)
  3 frilled lizards
  10 kobolds
  A leopard gecko skeleton (D:4)
  8 rats
90 creatures vanquished.

Vanquished Creatures (others)
  5 plants (D:4)
5 creatures vanquished.

Grand Total: 95 creatures vanquished

Notes
Turn   | Place    | Note
-------+----------+-------------------------------------------
     0 | D:1      | Revguard the Gargoyle Fighter began the quest for the Orb.
     0 | D:1      | Reached XP level 1. HP: 14/14 MP: 1/1
   169 | D:1      | Reached XP level 2. HP: 7/19 MP: 2/2
   432 | D:1      | Reached XP level 3. HP: 21/23 MP: 3/3
   965 | D:2      | Noticed Jessica
   975 | D:2      | Killed Jessica
   975 | D:2      | Reached XP level 4. HP: 27/29 MP: 4/4
  1135 | D:2      | Reached XP level 5. HP: 32/33 MP: 5/5
  1150 | D:2      | Found an ornate altar of the Wu Jian Council.
  1523 | D:3      | Noticed Robin
  1543 | D:3      | Killed Robin
  2359 | D:3      | Found a faded altar of an unknown god.
  2363 | D:3      | Became a worshipper of Elyvilon the Healer
  2363 | D:3      | Reached * piety under Elyvilon
  2428 | D:3      | Reached XP level 6. HP: 38/38 MP: 6/6
  2664 | D:4      | Found a transporter.
  2713 | D:4      | Reached skill level 1 in Dodging
  2715 | D:4      | Found a shadowy altar of Dithmenos.
  2762 | D:4      | Found a burning altar of Makhleb.
  2763 | D:4      | Found an ancient bone altar of Kikubaaqudgha.
  2763 | D:4      | Found a hide-covered altar of Uskayaw.
  2765 | D:4      | Found a blossoming altar of Fedhas.
  2767 | D:4      | Found a basalt altar of Yredelemnul.
  2769 | D:4      | Found a deep blue altar of Sif Muna.
  2776 | D:4      | Fell from the grace of Elyvilon
  2776 | D:4      | Became a worshipper of Makhleb the Destroyer
  2811 | D:4      | Found Sawk's Jewellery Boutique.
  2944 | D:4      | Found a transporter.
  3097 | D:4      | Noticed Sondor's ghost (novice DDEE)
  3195 | D:4      | Cast into level 1 of the Abyss (gnoll)
  3216 | Abyss:1  | Noticed a small abomination
  3229 | Abyss:1  | Noticed a ynoxinul
  3235 | Abyss:1  | Mangled by a small abomination

Skill      XL: |  1  2  3  4  5  6 |
---------------+-------------------+-----
Maces & Flails | 3 4 |  4.1
Shields        | 4 |  4.5
Fighting       | 4 |  4.1
Armour         | 4 |  4.0
Dodging        | 1 |  1.0
Invocations    | |  0.7

Action                   |  1- 3 |  4- 6 || total
-------------------------+-------+-------++-------
Melee: Flail             |   112 |   210 ||   322
  Use: Scroll            |       |    11 ||    11
       Potion            |       |     6 ||     6
  Eat: Chunk             |       |     4 ||     4
       Ration            |       |     1 ||     1
Armor: Scale mail        |    68 |    89 ||   157
Dodge: Dodged            |    47 |    65 ||   112
Block: Shield            |    87 |   124 ||   211
